 Dungeon Crawl Stone Soup version 0.17-a0-1996-gd2c0ec8 (webtiles) character file.

63 derrpe the Poker (level 4, 0/34 HPs)
             Began as a Merfolk Skald on Oct 7, 2015.
             Slain by an orc wizard
             ... wielding a +0 dagger
              (2 damage)
             ... on level 2 of the Dungeon.
             The game lasted 00:05:29 (2756 turns).

derrpe the Poker (Merfolk Skald)                    Turns: 2756, Time: 00:05:29

Health: 0/34       AC:  3    Str: 12    XL:     4   Next: 9%
Magic:  4/7        EV: 12    Int: 12    God:
Gold:   74         SH:  0    Dex: 13    Spells: 2 memorised, 4 levels left

rFire  . . .     SeeInvis +     a - +0 spear
rCold  . . .     Clarity  .     b - +0 leather armour
rNeg   . . .     SustAt   .     (no shield)
rPois  .         Gourm    .     (no helmet)
rElec  .         Spirit   .     (no cloak)
rCorr  .         Warding  .     (no gloves)
rMut   +         Stasis   .     (no boots)
MR     .....                    i - amulet of resist mutation
Stlth  +.........               (no ring)
                                f - ring of see invisible

@: infused, not resistant to hostile enchantments, very unstealthy
A: change form in water, swift swim
a: no special abilities


You were on level 2 of the Dungeon.
You were not hungry.

You visited 1 branch of the dungeon, and saw 3 of its levels.

You collected 74 gold pieces.

Inventory:

Hand Weapons
 a - a +0 spear (weapon)
Missiles
 e - 25 stones (quivered)
Armour
 b - a +0 leather armour (worn)
Jewellery
 f - a ring of see invisible (left hand)
 i - an amulet of resist mutation (around neck)
Wands
 q - a wand of digging (24)
Scrolls
 h - a scroll of teleportation
 j - 2 scrolls of identify
 k - 2 scrolls of remove curse
 l - a scroll of fear {unknown}
Potions
 m - a potion of ambrosia
 n - a potion of degeneration {unknown}
 o - a potion of haste {unknown}
Books
 c - a book of Battle

   Spells                             Type                      Level
   a - Infusion                       Charms                       1
   b - Shroud of Golubria             Charms/Translocation         2
   c - Song of Slaying                Charms                       2
   d - Spectral Weapon                Hexes/Charms                 3
   e - Regeneration                   Charms/Necromancy            3
Comestibles
 d - a bread ration {@e1}
 g - a beef jerky
 r - a meat ration {@e2}
 s - a royal jelly


   Skills:
 + Level 2.8 Fighting
 * Level 4.3 Polearms
 - Level 0.6 Armour
 + Level 3.1 Dodging
 - Level 2.0 Spellcasting
 + Level 3.5 Charms


You had 4 spell levels left.
You knew the following spells:

 Your Spells              Type           Power        Failure   Level  Hunger
a - Infusion              Chrm           #.....       10%         1    ##.....
b - Shroud of Golubria    Chrm/Tloc      #.........   28%         2    ###....


Dungeon Overview and Level Annotations

Branches:
Dungeon (3/15)

Altars:


Message History

Casting: Infusion
Confirm with . or Enter, or press ? or * to list all spells.
You begin infusing your attacks with magical energy.
The orc wizard hits you with a dagger.
You hit the orc wizard.
The orc wizard is lightly wounded.
The orc wizard miscasts a cantrip.
You barely miss the orc wizard.
The orc wizard is lightly wounded.
The orc wizard points at you and mumbles some strange words.
The puff of frost hits you!
You closely miss the orc wizard.
The orc wizard is lightly wounded.
The orc wizard casts a spell at you. The puff of flame hits you!
* * * LOW HITPOINT WARNING * * *
You hit the orc wizard.
The orc wizard is moderately wounded.
The orc wizard hits you with a dagger.
You die...

#.##.##.#.#
#...#.....#.###.##
###....)....###.###.###.#h#
#...
#...###.#.......###.#...#.#
#### #.###
#.#######.....#.###h#
#.#####<# #.#####.....# ###
#.......# #.# ####### #..
######### #.# #.# #.# #.#
#@# #.# #o##############.#
#................#
##################


You could see an orc wizard.

Vanquished Creatures
  2 adders
  2 orcs
  6 bats
  2 giant cockroaches (D:1)
  4 goblins
  3 hobgoblins
  7 jackals (D:2)
  A quokka (D:2)
  A giant gecko (D:2)
  2 giant newts (D:1)
  6 kobolds
  4 rats
40 creatures vanquished.

Notes
Turn   | Place    | Note
--------------------------------------------------------------
     0 | D:1      | derrpe the Merfolk Skald began the quest for the Orb.
     0 | D:1      | Reached XP level 1. HP: 16/16 MP: 3/3
   375 | D:1      | Reached XP level 2. HP: 14/23 MP: 5/5
   946 | D:2      | Learned a level 2 spell: Shroud of Golubria
  1003 | D:2      | Reached XP level 3. HP: 18/28 MP: 0/6
  1455 | D:2      | Reached skill level 4 in Polearms
  2378 | D:3      | Reached XP level 4. HP: 19/34 MP: 3/7
  2756 | D:2      | Slain by an orc wizard

Vault maps used:
D:1:      saegor_arrival_simple_d
D:2:      uniq_terence
D:3:      first_bread, kennysheep_generic_room_16

Action                   |  1- 3 |  4- 6 || total
-------------------------+-------+-------++-------
Melee: Spear             |   160 |     9 ||   169
Throw: Stone             |    46 |       ||    46
 Cast: Infusion          |     9 |     1 ||    10
  Use: Potion            |     1 |       ||     1
       Scroll            |       |     5 ||     5
  Eat: Chunk             |     5 |     1 ||     6
